 Dungeon Crawl Stone Soup version 0.20.0-4-g10b340a (webtiles) character file.

138 Gorglomux the Vexing (level 5, -7/40 HPs)
             Began as a Formicid Enchanter on May 27, 2017.
             Mangled by Crazy Yiuf
             ... wielding a +4 quarterstaff of chaos
              (12 damage)
             ... on level 3 of the Dungeon.
             The game lasted 00:03:28 (3467 turns).

Gorglomux the Vexing (Formicid Enchanter)           Turns: 3467, Time: 00:03:28

Health: -7/40      AC:  7    Str: 13    XL:     5   Next: 45%
Magic:  15/17      EV:  9    Int: 14    God:
Gold:   127        SH:  3    Dex: 12    Spells: 7/8 levels left

rFire    . . .     SeeInvis +   F - +0 quarterstaff
rCold    . . .     Gourm    .   (no shield)
rNeg     . . .     Faith    .   i - +0 scale mail
rPois    .         Spirit   .   (helmet unavailable)
rElec    .         Reflect  +   (no cloak)
rCorr    .         Harm     .   (no gloves)
MR       .....                  B - +0 pair of boots
Stlth    +.........             A - +3 amulet of reflection
Regen    0.2/turn               G - ring of magical power (curse)
MPRegen  0.2/turn               (no ring)

@: no status effects
A: permanent stasis, dig shafts and tunnels, four strong arms, antennae 3
a: Dig, Shaft Self


You were on level 3 of the Dungeon.
You were not hungry.

You visited 1 branch of the dungeon, and saw 3 of its levels.

You collected 127 gold pieces.

Inventory:

Hand Weapons
 a - a +1 dagger
 e - a +0 spear
 f - a +0 whip
 F - a +0 quarterstaff (weapon)
Armour
 i - a +0 scale mail (worn)
 B - a +0 pair of boots (worn)
Jewellery
 A - a +3 amulet of reflection (around neck)
 G - a cursed ring of magical power (left hand)
Scrolls
 j - 4 scrolls of identify {unknown}
 D - a scroll of remove curse {unknown}
 H - a scroll of fog {unknown}
Potions
 E - a potion of mutation {unknown}
 I - a potion of resistance {unknown}
 J - a potion of agility {unknown}
 L - a potion of curing {unknown}
 M - a potion of degeneration {unknown}
Books
 c - a book of Maledictions

   Spells                             Type                      Level
   a - Corona                         Hexes                        1
   b - Ensorcelled Hibernation        Hexes/Ice                    2
   c - Confuse                        Hexes                        3
   d - Tukima's Dance                 Hexes                        3
   e - Dazzling Spray                 Conjuration/Hexes            3
Comestibles
 d - 4 bread rations
 g - 3 royal jellies
 z - 3 meat rations
 K - 2 fruits
 N - 3 chunks of flesh


   Skills:
 + Level 2.9 Fighting
 - Level 1.0 Short Blades
 + Level 2.4 Maces & Flails
 + Level 2.6 Armour
 - Level 1.7 Dodging
 - Level 3.6 Stealth
 - Level 2.1 Spellcasting
 - Level 3.6 Hexes


You had 7 spell levels left.
You knew the following spells:

 Your Spells              Type           Power        Failure   Level  Hunger
a - Corona                Hex            ##.....      24%         1    #......


Dungeon Overview and Level Annotations

Branches:
Dungeon (3/15)

Altars:

Annotations:
D:3 Crazy Yiuf


Innate Abilities, Weirdness & Mutations

You cannot be hasted, slowed, berserked, paralysed or teleported.
You can dig through walls and to a lower floor.
Your four strong arms can wield two-handed weapons with a shield.
You have a pair of large antennae on your head. (SInv)


Message History

You hit Crazy Yiuf.
Crazy Yiuf is heavily wounded.
Crazy Yiuf hits you with a quarterstaff of chaos!
Crazy Yiuf freezes you.
* * * LOW HITPOINT WARNING * * *
You are too injured to fight recklessly!
You are too injured to fight recklessly!
You are too injured to fight recklessly!
You are too injured to fight recklessly!
Unknown command.
Your scale mail prevents you from hitting Crazy Yiuf.
Crazy Yiuf is heavily wounded.
Crazy Yiuf hits you with a quarterstaff of chaos.
* * * LOW HITPOINT WARNING * * *
Crazy Yiuf freezes you.
* * * LOW HITPOINT WARNING * * *
You hit Crazy Yiuf.
Crazy Yiuf is severely wounded.
Crazy Yiuf hits you with a quarterstaff of chaos!
You die...

#....#
#.........
#P..P#
###.........
#...##
#...########
##.##
###.#####
#.##
#......####
##.#
#..........
#.##
##......####
##.#
#..........#
#@#
#..........#
#.g.#
#..........#
#...#
#..........#
#..)#
#..........#
#####
#..........#
#..........#
##..........#
###
#..[........#
#.##
#...........#


You could see Crazy Yiuf.

Vanquished Creatures
  A hound zombie (D:3)
  Robin (D:3)
  A gnoll (D:1)
  3 oozes
  A dart slug (D:1)
  2 leopard geckos
  An orc (D:3)
  3 ball pythons
  9 bats
  4 giant cockroaches
  13 hobgoblins
  2 jackals (D:2)
  2 quokkas (D:2)
  A frilled lizard (D:2)
  16 goblins
  11 kobolds
  11 rats
82 creatures vanquished.

Notes
Turn   | Place    | Note
-------+----------+-------------------------------------------
     0 | D:1      | Gorglomux the Formicid Enchanter began the quest for the Orb.
     0 | D:1      | Reached XP level 1. HP: 13/13 MP: 3/3
   319 | D:1      | Reached skill level 1 in Fighting
   319 | D:1      | Reached XP level 2. HP: 12/21 MP: 5/5
   582 | D:1      | Reached skill level 1 in Armour
   761 | D:1      | Reached skill level 1 in Maces & Flails
   801 | D:1      | Reached XP level 3. HP: 26/26 MP: 3/6
  1001 | D:1      | You fall through a shaft!
  1672 | D:2      | Reached XP level 4. HP: 33/33 MP: 7/7
  2590 | D:3      | Noticed Robin
  2613 | D:3      | Killed Robin
  2613 | D:3      | Reached XP level 5. HP: 26/39 MP: 8/8
  3045 | D:3      | Found a runed door.
  3459 | D:3      | Noticed Crazy Yiuf
  3467 | D:3      | Mangled by Crazy Yiuf

Skill      XL: |  1  2  3  4 |
---------------+-------------+-----
Fighting       | 1 2 |  2.9
Armour         | 1 2 |  2.6
Maces & Flails | 1 2 |  2.4
Short Blades   | |  1.0
Dodging        | |  1.7
Stealth        | |  3.6
Spellcasting   | |  2.1
Hexes          | |  3.6

Action                   |  1- 3 |  4- 6 || total
-------------------------+-------+-------++-------
Melee: Spear             |    12 |       ||    12
       Whip              |   100 |       ||   100
       Dagger            |     3 |       ||     3
       Quarterstaff      |    10 |   184 ||   194
 Cast: Corona            |    10 |       ||    10
 Abil: Dig               |     5 |     2 ||     7
       Shaft Self        |     1 |       ||     1
 Stab: Sleeping          |     2 |       ||     2
  Eat: Chunk             |     4 |     6 ||    10
Armor: Robe              |     9 |       ||     9
       Scale mail        |    37 |    88 ||   125
Dodge: Dodged            |    72 |    93 ||   165
Block: Other             |       |    29 ||    29
